 Dungeon Crawl Stone Soup version 0.26-a0-683-g5206c1d7ac (webtiles) character file.

Game seed: 14718345280934974611

1771 ooooo the Shield-Bearer (level 8, -6/71 HPs)
             Began as a Minotaur Fighter on Oct 23, 2020.
             Was an Initiate of Okawaru.
             Mangled by an ogre
             ... wielding a cursed -1 giant spiked club
              (30 damage)
             ... on level 5 of the Dungeon.
             The game lasted 00:06:45 (5647 turns).

ooooo the Shield-Bearer (Minotaur Fighter)          Turns: 5647, Time: 00:06:45

Health: -6/71      AC:  7    Str: 23    XL:     8   Next: 80%
Magic:  7/7        EV:  8    Int:  5    God:    Okawaru [......]
Gold:   253        SH: 10    Dex: 10    Spells: 7/7 levels left

rFire    . . .     SeeInvis .   a - +0 war axe
rCold    . . .     Faith    .   c - +0 kite shield
rNeg     . . .     Spirit   .   b - +0 scale mail
rPois    .         Reflect  .   (helmet restricted)
rElec    .         Harm     .   (no cloak)
rCorr    .         Rampage  .   (no gloves)
MR       +....                  (no boots)
Stlth    ..........             l - amulet of magic regeneration
HPRegen  0.21/turn              i - ring of protection from magic
MPRegen  0.35/turn              n - ring of flight

@: no status effects
A: retaliatory headbutt, horns 2
a: Renounce Religion, Evoke Flight


You were on level 5 of the Dungeon.
You worshipped Okawaru.
Okawaru was noncommittal.
You visited 1 branch of the dungeon, and saw 5 of its levels.

You collected 253 gold pieces.

Inventory:

Hand Weapons
 a - a +0 war axe (weapon)
Missiles
 p - 48 poisoned darts (quivered)
Armour
 b - a +0 scale mail (worn)
 c - a +0 kite shield (worn)
 A - a +0 tower shield
Jewellery
 i - a ring of protection from magic (left hand)
 l - an amulet of magic regeneration (around neck)
 n - a ring of flight (right hand)
Wands
 y - a wand of random effects (4)
Scrolls
 e - 4 scrolls of identify
 f - a scroll of fear {unknown}
 g - a scroll of fog {unknown}
 h - a scroll of amnesia {unknown}
 j - 3 scrolls of remove curse {unknown}
 o - a scroll of blinking {unknown}
 r - 3 scrolls of teleportation {unknown}
 s - a scroll of enchant weapon {unknown}
 w - 2 scrolls of magic mapping {unknown}
 x - a scroll of enchant armour {unknown}
 z - a scroll of random uselessness {unknown}
 C - 2 scrolls of noise {unknown}
Potions
 d - a potion of might
 k - 2 potions of flight
 m - a potion of degeneration {unknown}
 q - a potion of haste
 t - a potion of invisibility {unknown}
 u - a potion of mutation {unknown}
 v - 2 potions of brilliance {unknown}
 B - 2 potions of magic {unknown}


   Skills:
 + Level 6.6 Fighting
 + Level 6.2 Axes
 + Level 4.5 Throwing
 + Level 6.7 Armour
 + Level 6.8 Shields
 + Level 3.2 Evocations


You had 7 spell levels left.
You didn't know any spells.
Your spell library was empty.

Dungeon Overview and Level Annotations

Branches:
Dungeon (5/15)
 Temple: D:4-7

Altars:
Fedhas
Okawaru
Sif Muna
Wu Jian
Yredelemnul
Zin
The Shining One

Shops:
D:5 *


Innate Abilities, Weirdness & Mutations

You reflexively headbutt those who attack you in melee.
You have a pair of horns on your head.


Message History

You are too injured to fight recklessly!
You are too injured to fight recklessly!
You are too injured to fight recklessly!
You are too injured to fight recklessly!
You are too injured to fight recklessly!
You are too injured to fight recklessly!
You are too injured to fight recklessly!
You are too injured to fight recklessly!
You are too injured to fight recklessly!
You are too injured to fight recklessly!
You are too injured to fight recklessly!
You are too injured to fight recklessly!
You are too injured to fight recklessly!
You are too injured to fight recklessly!
You are too injured to fight recklessly!
Unknown command.
You hit the ogre.
The ogre is lightly wounded.
The ogre hits you with a cursed -1 giant spiked club!!
You die...

+...# #........ #####
....#+###### #.........
...........#+########
...........#........#
...........#......).#
...........#........#
..........#...##...####
#.....##...##...##..
#.O@..#.....+.......
#.....#.....#.......
+.....'.....#.......
#.....#.....#.......
#.....########..##..
##+#... #..##.. #....
#...... +..... #......
#....


You could see an ogre.

Vanquished Creatures
  Pikel (D:4)
  Grinder (D:4)
  Sigmund (D:5)
  A sky beast (D:5)
  4 ogres
  3 lemures (D:4)
  Blork the orc (D:4)
  2 orc priests (D:3)
  2 orc wizards (D:4)
  An iguana (D:4)
  Ijyb (D:3)
  3 worker ants
  A hound skeleton (D:4)
  Robin (D:3)
  9 adders
  3 gnolls (D:3)
  A white imp (D:5)
  An ooze (D:4)
  An adder skeleton (D:4)
  3 worms
  A dart slug (D:1)
  4 leopard geckos
  7 orcs
  7 giant cockroaches
  13 goblins
  10 hobgoblins
  5 jackals
  A quokka (D:2)
  A ball python zombie (D:5)
  7 bats
  4 frilled lizards
  9 kobolds
  5 rats
115 creatures vanquished.

Vanquished Creatures (others)
  4 plants (D:3)
4 creatures vanquished.

Grand Total: 119 creatures vanquished

Notes
Turn   | Place    | Note
-------+----------+-------------------------------------------
     0 | D:1      | ooooo the Minotaur Fighter began the quest for the Orb.
     0 | D:1      | Reached XP level 1. HP: 19/19 MP: 0/0
   319 | D:1      | Reached XP level 2. HP: 27/27 MP: 1/1
   979 | D:2      | Reached skill level 1 in Throwing
   979 | D:2      | Reached XP level 3. HP: 32/33 MP: 2/2
  1262 | D:2      | Reached XP level 4. HP: 40/40 MP: 3/3
  1605 | D:3      | Noticed Robin
  1631 | D:3      | Killed Robin
  2030 | D:3      | Noticed Ijyb
  2053 | D:3      | Killed Ijyb
  2053 | D:3      | Reached XP level 5. HP: 40/47 MP: 4/4
  2728 | D:4      | Noticed an ogre
  2732 | D:4      | Killed an ogre
  2732 | D:4      | Reached skill level 5 in Armour
  2732 | D:4      | Reached XP level 6. HP: 12/55 MP: 5/5
  2736 | D:4      | Reached skill level 5 in Fighting
  3116 | D:3      | Reached skill level 5 in Shields
  3178 | D:4      | Reached skill level 1 in Evocations
  3346 | D:4      | Reached XP level 7. HP: 61/61 MP: 6/6
  3506 | D:4      | Noticed Pikel
  3529 | D:4      | Killed Pikel
  3529 | D:4      | Reached skill level 5 in Axes
  3529 | D:4      | Reached XP level 8. HP: 28/70 MP: 7/7
  3760 | D:4      | Noticed Blork the orc
  3772 | D:4      | Killed Blork the orc
  4084 | D:4      | Noticed Grinder
  4112 | D:4      | Killed Grinder
  5001 | D:5      | Entered Level 5 of the Dungeon
  5255 | D:5      | Found an iron altar of Okawaru.
  5256 | D:5      | Found a basalt altar of Yredelemnul.
  5258 | D:5      | Found a glowing golden altar of the Shining One.
  5265 | D:5      | Found a blossoming altar of Fedhas.
  5266 | D:5      | Found a shimmering blue altar of Sif Muna.
  5276 | D:5      | Found Zin's Purification Station.
  5362 | D:5      | Found a glowing silver altar of Zin.
  5393 | D:5      | Became a worshipper of Warmaster Okawaru
  5490 | D:5      | Found an ornate altar of the Wu Jian Council.
  5532 | D:5      | Noticed Sigmund
  5537 | D:5      | Killed Sigmund
  5647 | D:5      | Mangled by an ogre

Illustrated notes

Levels and vault maps discovered:
D:1:      lightli_arrival_chessboard, layout_loops_ring
D:2:      layout_basic
D:3:      layout_loops_ring, serial_bayou_crossing, uniq_ijyb, uniq_robin
D:4:      layout_loops_ring, gup_sewer_entry_bubbles, minmay_pentangle,
          uniq_grinder, uniq_pikel, uniq_blork_the_orc
D:5:      layout_gridville, overflow_temple_1_default, zin_purify,
          grunt_temple_overflow_open, minmay_ogre_servants, uniq_sigmund

Skill      XL: |  1  2  3  4  5  6  7  8 |
---------------+-------------------------+-----
Fighting       | 4 5 6 |  6.6
Throwing       | 1 2 3 4 |  4.5
Armour         | 4 5 6 |  6.7
Shields        | 4 5 6 |  6.8
Axes           | 3 4 5 6 |  6.2
Evocations     | 1 2 3 |  3.2

Action                   |  1- 3 |  4- 6 |  7- 9 || total
-------------------------+-------+-------+-------++-------
Melee: War axe           |    67 |   167 |   121 ||   355
       Headbutt          |     8 |    22 |    19 ||    49
Evoke: Wand              |       |       |     1 ||     1
  Use: Scroll            |       |     4 |       ||     4
       Potion            |       |       |     4 ||     4
Armor: Scale mail        |    25 |    58 |    24 ||   107
       Skin              |       |       |     4 ||     4
Dodge: Dodged            |    26 |    55 |    27 ||   108
Block: Kite shield       |    25 |    91 |    64 ||   180

Table legend: (Time is in decaauts)
 A = Elapsed time spent in this place.
 B = Non-inter-level travel time spent in this place.
 C = Inter-level travel time spent in this place.
 D = Time resting spent in this place.
 E = Time spent auto-exploring this place.
 F = Levels seen in this place.
 G = Mean time per level.
                   A        B        C        D        E       F      G
               +--------+--------+--------+--------+--------+-----+--------+
         Total |   5811 |   5722 |     89 |   1361 |   3516 |   5 | 1162.2 |
       Dungeon |   5811 |   5722 |     89 |   1361 |   3516 |   5 | 1162.2 |
               +--------+--------+--------+--------+--------+-----+--------+

Top non-repeatable levels by time:
     D:4: 1954 daAuts
     D:3: 1599 daAuts
     D:2: 943 daAuts
     D:1: 661 daAuts
     D:5: 651 daAuts
